Map: Automaton LE

Players

Reynor

  • Race: Zerg Zerg
  • League: Master
  • Spawn Location: 3:00

Serral - Winner!

  • Race: Zerg Zerg
  • Spawn Location: 9:00

Event: 2019 WCS Winter Europe

VOD

Have the link to the VOD?

Description

Time

  • Played on: April 7, 2019, 4:16 p.m.
  • Length: 9:07

All games in this series

Show
View Real Time Build Order
Export as new Build Order

Reynor Zerg 

Build Orders: Hatch First 

Get SALT Encoding   

  12  0:00  Drone  
  13  0:12  Overlord  
  13  0:17  Drone  
  14  0:31  Drone x2  
  16  0:49  Hatchery  
  15  0:52  Drone  
  15  0:56  Drone  
  17  0:59  Drone  
  18  1:11  Extractor  
  17  1:16  Spawning Pool  
  16  1:18  Drone  
  16  1:22  Drone  
  18  1:28  Drone  
  19  1:38  Drone  
  20  1:49  Overlord  
  20  2:02  Zergling x2  
  20  2:03  Queen x2, Zergling x2  
  26  2:12  Metabolic Boost  
  26  2:13  Drone  
  27  2:16  Drone  
  30  2:22  Drone x2  
  30  2:39  Hatchery  
  29  2:45  Drone x2  
  29  2:47  Drone  
  29  2:50  Drone  
  33  2:54  Evolution Chamber  
  32  2:58  Overlord  
  32  3:02  Drone  
  33  3:08  Queen  
  35  3:16  Drone  
  35  3:18  Zergling x6  
  39  3:23  Zerg Melee Weapons Level 1  
  39  3:25  Drone  
  40  3:30  Overlord  
  40  3:31  Drone  
  40  3:33  Drone  
  42  3:36  Drone  
  42  3:41  Zergling x2  
  43  3:48  Zergling x6  
  43  3:49  Zergling x4  
  43  3:52  Zergling x2  
  43  3:53  Zergling x2  
  50  3:57  Queen  
  50  4:01  Overlord  
  51  4:07  Zergling x4  
  53  4:11  Lair  
  53  4:13  Drone  
  53  4:15  Drone  
  53  4:16  Drone  
  56  4:18  Drone  
  56  4:20  Zergling x4  
  56  4:23  Drone  
  60  4:27  Drone x2  
  60  4:28  Extractor  
  61  4:37  Overlord  
  61  4:38  Drone x2  
  61  4:43  Drone  
  61  4:51  Overlord  
  58  4:53  Drone  
  58  4:56  Zergling x6  
  58  4:57  Zergling x4  
  60  5:00  Queen, Zergling x2  
  60  5:06  Zergling x4  
  60  5:09  Zergling x8  
  60  5:14  Queen  
  60  5:16  Zergling x2  
  60  5:18  Zergling x2  
  60  5:19  Zergling x2  
  60  5:20  Drone  
  60  5:21  Drone x2  
  61  5:26  Hydralisk Den, Drone  
  61  5:29  Drone x2  
  61  5:34  Queen  
  65  5:37  Zergling x2  
  65  5:39  Drone x2  
  69  5:50  Zergling x8  
  69  5:51  Queen  
  74  5:59  Zergling x4  
  74  6:00  Queen  
  74  6:02  Drone  
  74  6:03  Drone, Lurker Den  
  79  6:04  Drone  
  79  6:07  Extractor  
  79  6:13  Drone x3  
  82  6:18  Overlord  
  82  6:21  Overlord  
  82  6:27  Overlord  
  78  6:43  Hatchery  
  78  6:44  Hydralisk x3  
  81  6:47  Zergling x4  
  81  6:48  Zergling x6  
  86  6:56  Zergling x12  
  86  6:57  Zergling x4  
  86  6:59  Zergling x2  
  95  7:07  Overlord x2  
  94  7:09  Zergling x2  
  91  7:29  Lurker x3  
  85  7:30  Zergling x16  
  85  7:33  Queen  
  70  7:45  Drone  
  70  7:49  Hydralisk  
  67  7:55  Drone  
  66  7:59  Hydralisk  
  67  8:09  Queen, Zergling x4  
  70  8:15  Hydralisk  
  70  8:18  Queen  
  74  8:22  Hydralisk  
  68  8:29  Hydralisk x2  
Show
View Real Time Build Order
Export as new Build Order

Serral Zerg - Winner!

Build Orders: Hatch First 

Get SALT Encoding   

  12  0:00  Drone  
  13  0:12  Overlord  
  13  0:18  Drone  
  14  0:31  Drone x2  
  16  0:49  Hatchery  
  15  0:52  Drone  
  15  0:56  Drone  
  17  0:59  Drone  
  18  1:10  Extractor  
  17  1:15  Spawning Pool  
  17  1:18  Drone  
  17  1:21  Drone  
  18  1:28  Drone  
  19  1:39  Drone  
  20  1:49  Drone  
  21  2:00  Overlord  
  21  2:01  Queen x2  
  21  2:02  Zergling x2  
  26  2:11  Metabolic Boost  
  26  2:13  Drone  
  26  2:14  Drone  
  28  2:21  Drone  
  28  2:22  Drone  
  30  2:37  Hatchery  
  29  2:40  Zergling x2  
  29  2:42  Zergling x2  
  31  2:47  Drone  
  31  2:49  Baneling Nest  
  31  2:53  Overlord  
  31  2:57  Drone  
  32  2:59  Drone  
  33  3:06  Drone x2  
  33  3:09  Drone  
  36  3:13  Overlord  
  36  3:17  Zergling x4  
  38  3:20  Zergling x2  
  38  3:25  Zergling x4  
  41  3:33  Zergling x4  
  43  3:35  Baneling x3  
  43  3:36  Queen  
  43  3:40  Drone x2  
  47  3:43  Drone  
  47  3:47  Overlord  
  48  3:49  Zergling x2  
  48  3:52  Zergling x2  
  48  3:54  Drone x2  
  52  3:56  Baneling x2  
  52  3:59  Drone  
  52  4:06  Drone x2, Overlord  
  53  4:11  Evolution Chamber  
  53  4:12  Zergling x2, Baneling x2  
  53  4:14  Zergling x2  
  54  4:17  Zergling x2  
  54  4:19  Zergling x2  
  54  4:20  Zergling x2  
  54  4:23  Zergling x2  
  58  4:29  Zergling x2  
  59  4:31  Extractor  
  59  4:33  Extractor, Drone x5  
  62  4:39  Lair  
  62  4:42  Drone x2  
  62  4:44  Drone  
  62  4:45  Drone  
  64  4:49  Overlord  
  64  4:50  Drone  
  64  4:51  Drone  
  65  4:53  Drone  
  66  5:00  Roach Warren  
  66  5:02  Zerg Missile Weapons Level 1  
  66  5:05  Drone x2  
  66  5:06  Drone  
  66  5:13  Zergling x8  
  69  5:19  Overlord  
  69  5:21  Zergling x4  
  66  5:28  Zergling x4  
  68  5:29  Zergling x2  
  68  5:30  Zergling x6  
  72  5:36  Baneling  
  72  5:37  Baneling  
  72  5:48  Roach x9  
  89  5:58  Roach  
  89  6:01  Overlord x2  
  89  6:02  Nydus Network  
  88  6:12  Roach  
  90  6:18  Queen x3  
  90  6:19  Roach  
  90  6:21  Roach x2  
  102  6:26  Roach x2  
  106  6:38  Nydus Canal  
  100  6:41  Roach x3  
  104  6:50  Zergling x2  
  105  6:55  Overlord x3  
  105  7:00  Nydus Canal  
  105  7:09  Baneling  
  105  7:10  Baneling x4  
  105  7:13  Queen x3, Roach  
  105  7:14  Glial Reconstitution  
  105  7:15  Roach x2  
  117  7:18  Roach  
  117  7:22  Roach  
  121  7:24  Roach  
  121  7:26  Roach  
  121  7:27  Zergling x8  
  127  7:45  Roach  
  127  7:48  Baneling  
  127  7:49  Baneling x5  
  126  7:53  Roach  
  126  7:55  Zergling x2  
  126  7:56  Zergling x6  
  126  7:58  Overseer  
  126  8:01  Zergling x8  
  130  8:10  Overlord  
  130  8:11  Nydus Canal  
  130  8:13  Overlord  
  125  8:31  Roach x9  
Tags
 
Add a new tag
Caveats
  • Supply blocks, unpowered buildings, or Contaminate may cause inaccurate times.
  • Supply counts are checked every 10 seconds.